 Dungeon Crawl Stone Soup version 0.29.0-4-gdea44cf6ec (webtiles) character file.

Game seed: 7736395615156440192

3127 keekatzer the Ruffian (level 9, -1/76 HPs)
             Began as a Troll Transmuter on Aug 26, 2022.
             Was a Priest of Elyvilon.
             Slain by an ice beast (11 damage)
             ... on level 8 of the Dungeon.
             The game lasted 00:38:20 (5121 turns).

keekatzer the Ruffian (Troll Transmuter)            Turns: 5121, Time: 00:38:21

Health: -1/76      AC:  4    Str: 22    XL:     9   Next: 61%
Magic:  20/24      EV: 10    Int:  6    God:    Elyvilon [***...]
Gold:   351        SH:  0    Dex: 16    Spells: 8/17 levels left

rFire   . . .      SeeInvis .     - Unarmed
rCold   . . .      Faith    +   (no shield)
rNeg    + . .      Spirit   .   a - +0 robe
rPois   .          Reflect  .   (helmet currently unavailable)
rElec   .          Harm     .   (no cloak)
rCorr   .          Rampage  .   (gloves unavailable)
Will    .....                   (boots unavailable)
Stlth   +.........              F - amulet of faith
HPRegen 1.02/turn               g - ring "Sufof" {rN+ MP+9 Str+2 Int-5 Dex+4}
MPRegen 0.19/turn               A - ring of flight

@: lethally poisoned (-1 -> -2), appendages (expiring), wereblooded, flying
A: horns 2, talons 2, large, unfitting armour, claws 3, regeneration 1, shaggy
fur 1, tough skin 1
a: End Transformation, Renounce Religion, Purification, Heal Other, Heal Self


You were on level 8 of the Dungeon.
You worshipped Elyvilon.
Elyvilon was most pleased with you.
You had temporarily grown beastly horns and talons.
You visited 2 branches of the dungeon, and saw 9 of its levels.
You also visited: Sewer.

You collected 426 gold pieces.
You spent 75 gold pieces at shops.

Inventory:

Hand Weapons
 v - a +0 giant club
 B - a +0 giant club
 H - a +0 great mace
Missiles
 j - 3 throwing nets
Armour
 a - a +0 robe (worn)
 z - a +0 hat (melded)
Magical Staves
 l - a staff of poison
Jewellery
 g - the ring "Sufof" (left claw) {rN+ MP+9 Str+2 Int-5 Dex+4}
   (You found it on level 2 of the Dungeon)

   [ring of positive energy]

   Str:       It affects your strength (+2).
   Int:       It affects your intelligence (-5).
   Dex:       It affects your dexterity (+4).
   rN:        It protects you from negative energy.
   MP:        It affects your magic capacity (+9).
 A - a ring of flight (right claw)
 F - an amulet of faith (around neck)
Wands
 o - a wand of digging (5)
 D - a wand of roots (16)
Scrolls
 c - 4 scrolls of vulnerability {unknown}
 d - 2 scrolls of magic mapping {unknown}
 e - 3 scrolls of teleportation {unknown}
 f - a scroll of torment {unknown}
 k - a scroll of enchant weapon {unknown}
 m - a scroll of immolation {unknown}
 n - 2 scrolls of fog {unknown}
 q - 8 scrolls of identify {unknown}
 y - a scroll of enchant armour {unknown}
 E - a scroll of fear
 I - a scroll of summoning {unknown}
 J - a scroll of amnesia {unknown}
Potions
 b - 2 potions of lignification
 h - a potion of haste {unknown}
 i - 3 potions of might {unknown}
 p - 2 potions of brilliance {unknown}
 r - 2 potions of degeneration {unknown}
 s - 2 potions of flight {unknown}
 t - 3 potions of cancellation {unknown}
 u - 4 potions of curing {unknown}
 w - a potion of berserk rage {unknown}
 x - a potion of heal wounds {unknown}
 C - a potion of ambrosia {unknown}
 G - 2 potions of attraction {unknown}


   Skills:
 - Level 1.3 Fighting
 - Level 2.7 Dodging
 - Level 5.9 Unarmed Combat
 + Level 4.7 Spellcasting
 + Level 1.0 Translocations
 + Level 5.1 Transmutations
 + Level 5.1 Ice Magic


You had 8 spell levels left.
You knew the following spells:

 Your Spells              Type           Power      Damage    Failure   Level
a - Beastly Appendage     Tmut           14%        N/A       3%          1
b - Wereblood             Tmut           7%         N/A       5%          2
c - Blink                 Tloc           4%         N/A       30%         2
d - Ice Form              Ice/Tmut       7%         N/A       36%         4

Your spell library contained the following spells:

 Spells                   Type           Power      Damage    Failure   Level
 Spider Form              Tmut/Pois      4%         N/A       32%         3
 Static Discharge         Conj/Air       1%         3-4/arc   43%         2
 Dispel Undead            Necr           1%         3d6       97%         4
 Sticky Flame             Conj/Fire      1%         2d3       97%         4
 Manifold Assault         Tloc           2%         N/A       99%         5
 Storm Form               Tmut/Air       2%         N/A       100%        7


Dungeon Overview and Level Annotations

Branches:
Dungeon (8/15)             Temple (1/1) D:4           Sewer (visited)
   Lair: D:8-11

Altars:
Ashenzari
Cheibriados
Elyvilon
Fedhas
Gozag
Hepliaklqana
Kikubaaqudgha
Makhleb
Nemelex Xobeh
Okawaru
Qazlal
Sif Muna
Trog
Uskayaw
Vehumet
Wu Jian
Xom
Yredelemnul
Zin
The Shining One

Shops:
D:5 (*


Innate Abilities, Weirdness & Mutations

You have temporarily grown beastly horns and talons.
You are too large for most types of armour.
You have claws for hands.
Your natural rate of healing is unusually fast.
You are covered in fur. (AC +1)
You have tough skin. (AC +1)


Message History

The killer bee poisons you!
You scratch the killer bee. Your claw misses the killer bee.
The killer bee is almost dead.
You feel sick. The killer bee misses you.
The ice beast hits you but does no damage.
The killer bee stings you.
You barely miss the killer bee. You headbutt the killer bee.
You feel a bit better.
You kill the killer bee!
You feel sick.
The ice beast hits you but does no damage.
The killer bee stings you but does no damage.
Your Translocations skill increases to level 1!
You claw the ice beast! Your kick misses the ice beast.
The ice beast is severely wounded.
You feel sick.
The killer bee stings you but does no damage.
The ice beast hits you. The ice beast freezes you!
The killer bee closely misses you.
You barely miss the ice beast. You headbutt the ice beast!
The ice beast is almost dead.
You howl as the wereblood boils in your veins!
You feel sick. The killer bee stings you.
You are more poisoned.
The killer bee poisons you! The ice beast hits you. The ice beast freezes you!
* * * LOW HITPOINT WARNING * * *
You completely miss the ice beast. Your headbutt misses the ice beast.
The ice beast is almost dead.
You feel sick. The killer bee stings you.
* * * LOW HITPOINT WARNING * * *
The killer bee barely misses you. The ice beast hits you.
* * * LOW HITPOINT WARNING * * *
The ice beast freezes you!
* * * LOW HITPOINT WARNING * * *
You are healed.
You feel sick. The killer bee stings you!
* * * LOW HITPOINT WARNING * * *
The killer bee closely misses you. The ice beast hits you.
* * * LOW HITPOINT WARNING * * *
The ice beast freezes you!
You die...

#.........#
....#.#...#
....#.##..#
.#.... #..#
.#...# #..#
....###..#
#..#..##
...##.....#####
......y@.......#
......Y##......#
#...... #.....##
....... #....##
.##...# ###...#
#..# ....# ...
..### ....


You could see an ice beast and a killer bee.

Vanquished Creatures
  6 yaks
  3 ice beasts
  2 sky beasts
  2 orc warriors
  2 ogres (D:5)
  2 phantoms
  2 kobold brigands (D:7)
  2 bullfrogs
  2 scorpions
  4 wights (D:4)
  A killer bee (D:8)
  A howler monkey (D:5)
  A hound (D:4)
  4 jellies
  Jessica (D:2)
  3 iguanas
  3 orc wizards
  A hell rat (Sewer)
  3 gnolls (D:2)
  3 river rats (Sewer)
  8 adders
  3 white imps (D:6)
  A dart slug (D:1)
  22 orcs
  4 ball pythons
  5 endoplasms
  4 giant cockroaches
  7 goblins
  7 hobgoblins
  2 jackals (D:3)
  2 quokkas
  4 bats
  4 frilled lizards
  9 kobolds
  11 rats
  A spectral orc (D:3)
142 creatures vanquished.

Notes
Turn   | Place    | Note
-------+----------+-------------------------------------------
     0 | D:1      | keekatzer the Troll Transmuter began the quest for the Orb.
     0 | D:1      | Reached XP level 1. HP: 18/18 MP: 1/1
    57 | D:1      | Found a faded altar of an unknown god.
   128 | D:1      | Reached XP level 2. HP: 26/26 MP: 3/3
   566 | D:2      | Reached XP level 3. HP: 19/32 MP: 4/4
   583 | D:2      | Learned a level 2 spell: Wereblood
   733 | D:2      | Identified the ring "Sufof" {rN+ MP+9 Str+2 Int-5 Dex+4}
  1068 | D:2      | Noticed Jessica
  1088 | D:2      | Killed Jessica
  1089 | D:2      | Reached XP level 4. HP: 35/40 MP: 5/5
  1308 | D:3      | Found a hazy altar of Hepliaklqana.
  1473 | D:3      | Found a glowing drain.
  1478 | Sewer    | Entered a sewer
  1507 | Sewer    | Reached XP level 5. HP: 30/46 MP: 6/6
  1654 | D:3      | Found a shimmering blue altar of Sif Muna.
  2037 | D:3      | Reached skill level 5 in Unarmed Combat
  2047 | D:3      | Found a glowing golden altar of the Shining One.
  2069 | D:3      | Became a worshipper of the Shining One
  2187 | D:4      | Reached skill level 1 in Fighting
  2260 | D:4      | Reached XP level 6. HP: 39/55 MP: 7/7
  2273 | D:4      | Reached skill level 1 in Ice Magic
  2394 | D:4      | Found a staircase to the Ecumenical Temple.
  2397 | D:4      | Reached XP level 7. HP: 62/62 MP: 9/9
  2409 | Temple   | Entered the Ecumenical Temple
  2477 | D:4      | Found a basalt altar of Yredelemnul.
  2477 | D:4      | Found a radiant altar of Vehumet.
  2556 | D:4      | Found a white marble altar of Elyvilon.
  2589 | D:4      | Fell from the grace of the Shining One
  2589 | D:4      | Became a worshipper of Elyvilon the Healer
  2657 | D:5      | Entered Level 5 of the Dungeon
  2690 | D:5      | Found Noesk's Antique Weapon Boutique.
  2906 | D:5      | Found Gizah's General Store.
  2928 | D:5      | Bought a scroll of fear for 60 gold pieces
  2928 | D:5      | Bought a scroll of noise for 15 gold pieces
  2988 | D:5      | Reached * piety under Elyvilon
  3110 | D:5      | Learned a level 2 spell: Blink
  3474 | D:6      | Reached XP level 8. HP: 66/70 MP: 11/11
  3521 | D:6      | Reached ** piety under Elyvilon
  3636 | D:6      | You are sucked into a shaft and drop 1 floor!
  3636 | D:7      | Found a hide-covered altar of Uskayaw.
  3739 | D:7      | Found an ornate altar of the Wu Jian Council.
  3861 | D:7      | Found a glowing silver altar of Zin.
  3862 | D:7      | Noticed an angel
  4160 | D:6      | Reached *** piety under Elyvilon
  4632 | D:6      | Reached XP level 9. HP: 66/76 MP: 12/12
  4881 | D:7      | Reached skill level 5 in Transmutations
  4900 | D:7      | Learned a level 4 spell: Ice Form
  4933 | D:8      | Reached skill level 5 in Ice Magic
  5118 | D:8      | Reached skill level 1 in Translocations
  5121 | D:8      | Slain by an ice beast

Illustrated notes

Levels and vault maps discovered:
D:1:      lordsloth_arrival_two_stooges, layout_basic, serial_rivers,
          chequers_serial_rivers_micro_e, chequers_serial_rivers_room_a,
          chequers_serial_rivers_micro_e, chequers_serial_rivers_micro_a,
          ebering_ecumenical_altar_abandoned, minivault_4
D:2:      layout_basic, minmay_misc_feat_iff, uniq_jessica
D:3:      layout_basic, nicolae_hepliaklqana_monster_ancestors,
          mainiacjoe_overflow_catwalk, mainiacjoe_overflow_tiny_flanked,
          portal_sewer_entry_e, minmay_misc_feat_square
D:4:      layout_cave_pools, mainiacjoe_overflow_concentric_impassable,
          nicolae_overflow_hidden_temple, minmay_temple_entry_stoned_glass
D:5:      layout_loops_corners, serial_shops, shop_statue, shop_fountains
D:6:      layout_basic
D:7:      lemuel_ice_spiral_2, layout_basic, zin_angel,
          mainiacjoe_overflow_chevrons,
          nicolae_uskayaw_murder_on_the_dancefloor, chequers_mini_garden
D:8:      layout_cave_pools, gammafunk_ghost_spectres, minmay_manual_mail
Temple:   chequers_temple_sunken

Skill      XL: |  1  2  3  4  5  6  7  8  9 |
---------------+----------------------------+-----
Dodging        | 2 |  2.7
Unarmed Combat | 4 5 |  5.9
Transmutations | 2 3 4 5 |  5.1
Fighting       | 1 |  1.3
Spellcasting   | 2 3 4 |  4.7
Ice Magic      | 1 3 4 5 |  5.1
Translocations | 1 |  1.0

Action                   |  1- 3 |  4- 6 |  7- 9 || total
-------------------------+-------+-------+-------++-------
Melee: Unarmed           |    92 |   113 |   193 ||   398
       Punch             |     1 |     4 |     7 ||    12
       Kick              |     2 |     1 |    24 ||    27
       Headbutt          |       |       |    17 ||    17
 Cast: Beastly Appendage |     3 |     5 |    17 ||    25
       Wereblood         |       |     2 |     8 ||    10
Invok: Heal Self         |       |       |     3 ||     3
Evoke: Wand              |       |       |     1 ||     1
 Stab: Sleeping          |     3 |     1 |     2 ||     6
Armor: Robe              |    22 |    11 |    33 ||    66
Dodge: Dodged            |    47 |    38 |    71 ||   156
